[Event "Titled Tuesday Blitz March 28 Early 2023"]
[White "Kopczynski, Michal"]
[Black "Belozerov, Andrei"]
[WhiteFideId "1124200"]
[BlackFideId "4120213"]
[WhiteElo "2212"]
[BlackElo "2360"]
[Result "0-1"]
[Round "04"]
[TimeControl "180+2"]
[Date "2023.03.28"]
[WhiteClock "0:00:12"]
[BlackClock "0:00:14"]

1. e4 c5 2. d4 cxd4 3. c3 Nf6 4. Bd3 dxc3 5. Nxc3 Nc6 6. f4 d6 7. Nf3 g6 8. O-O Bg7 9. Kh1 O-O 10. Qe1 Bg4 11. Be3 Rc8 12. Rd1 Qa5 13. f5 Bxf3 14. Rxf3 Ne5 15. Rh3 Nxd3 16. Rxd3 Qb4 17. Qh4 Qxb2 18. Bd4 Qc1+ 19. Nd1 g5 20. Qe1 Rc2 21. Be3 Qb1 22. Bxg5 Rfc8 23. Rhg3 Kf8 24. h3 Qxa2 25. e5 dxe5 26. Qxe5 Re2 27. Rge3 Rxe3 28. Qxe3 Qc4 29. Nf2 Nd5 30. Qd2 Rc5 31. Ng4 h5 32. Ne3 Qc1+ 33. Qxc1 Rxc1+ 34. Kh2 Be5+ 35. g3 Nxe3 36. Bh6+ Kg8 37. Bxe3 Rc2+ 38. Kg1 Bxg3 39. Bxa7 Bh2+ 40. Kf1 Be5 41. Rd7 Bf6 42. Rxb7 Ra2 43. Bc5 Ra5 44. Rc7 Kg7 45. Ke2 Rb5 46. Ke3 Be5 47. Rc8 Bd6 48. Bd4+ f6 49. Ke4 Ra5 50. Re8 Ra3 51. h4 Ra4 52. Kd5 Kf7 53. Rh8 Ra5+ 54. Kc6 Rxf5 55. Bb6 Ke6 56. Ra8 Rd5 57. Re8 Re5 58. Bd8 Rc5+ 59. Kb7 Rc4 60. Rh8 Rb4+ 61. Kc8 Rc4+ 62. Kb7 Rxh4 63. Kc8 Rc4+ 64. Kb7 Rb4+ 65. Kc8 Rc4+ 66. Kb7 h4 67. Bb6 Kf5 68. Ka6 Rc6 69. Kb5 Rc1 70. Rxh4 Rb1+ 71. Kc6 Ke6 72. Re4+ Be5 73. Re2 Rc1+ 74. Bc5 Kf7 75. Kd5 e6+ 76. Kc6 Bd4 77. Kd7 Rxc5 78. Rxe6 Rd5+ 79. Rd6 Rxd6+ 80. Kxd6 Be5+ 81. Kd5 Kg6 82. Ke4 Kg5 83. Kf3 Kf5 84. Kg2 Ke4 85. Kf2 f5 86. Ke2 f4 87. Kf2 f3 88. Kf1 Bd4 89. Ke1 Ke3 90. Kf1 Bc3 91. Kg1 Ke2 92. Kh2 f2 0-1


[Site "https://www.chess.com"]

[Event "Titled Tuesday Blitz March 28 Early 2023"]
[White "Ingebretsen, Jens E"]
[Black "Thecourseoisildur"]
[WhiteFideId "1522965"]
[WhiteElo "2213"]
[BlackElo "2427"]
[Result "0-1"]
[Round "04"]
[TimeControl "180+2"]
[Date "2023.03.28"]
[WhiteClock "0:00:16"]
[BlackClock "0:00:07"]

1. Nf3 Nf6 2. d4 g6 3. g3 Bg7 4. Bg2 O-O 5. O-O d5 6. c3 c5 7. a4 Nc6 8. b3 b6 9. Bb2 Bb7 10. Na3 Nd7 11. Re1 e5 12. dxe5 Ndxe5 13. Qc2 Nxf3+ 14. Bxf3 Ne5 15. Bg2 Rc8 16. Rad1 Qe7 17. e3 Rfd8 18. h3 Qf6 19. Qe2 Bc6 20. Nb5 d4 21. cxd4 Nf3+ 22. Bxf3 Bxf3 23. d5 Qf5 24. e4 Qh5 25. Qf1 Bxb2 26. Rd2 Bg7 27. Nxa7 Rc7 28. Nb5 Re7 29. d6 Rxe4 30. Rxe4 Bxe4 31. Qe2 Qxe2 32. Rxe2 Bd3 33. Rd2 Bxb5 34. axb5 Rd7 35. b4 cxb4 36. Rd3 Bf8 37. Rd4 Bxd6 38. Kg2 b3 39. Rd3 b2 40. Rd1 Be5 41. Rb1 Rc7 42. Re1 Rc1 43. Re4 b1=Q 44. Rxe5 Rg1+ 45. Kf3 Qd1+ 46. Kf4 Qd4+ 47. Re4 Qxf2+ 48. Ke5 Qxg3+ 49. Kd5 Qd3+ 50. Rd4 Qxb5+ 51. Kd6 Qc5+ 52. Kd7 Qxd4+ 53. Ke8 Re1# 0-1


[Site "https://www.chess.com"]

[Event "Titled Tuesday Blitz March 28 Early 2023"]
[White "Annaberdiyev, Meylis"]
[Black "Vaglio Munoz, Jaime"]
[WhiteFideId "14000563"]
[BlackFideId "6500145"]
[WhiteElo "2416"]
[BlackElo "2199"]
[Result "0-1"]
[Round "04"]
[TimeControl "180+2"]
[Date "2023.03.28"]
[WhiteClock "0:00:02"]
[BlackClock "0:01:21"]

1. e4 e6 2. d3 d5 3. Nd2 dxe4 4. dxe4 Nc6 5. Ngf3 e5 6. Bb5 f6 7. O-O Be6 8. Qe2 Ne7 9. c3 a6 10. Bc4 Qd7 11. b4 O-O-O 12. Bxe6 Qxe6 13. a4 Nb8 14. b5 a5 15. Nc4 b6 16. Be3 g5 17. Qa2 Qg8 18. Rfd1 Ng6 19. Bxb6 Rxd1+ 20. Rxd1 cxb6 21. Nxb6+ Kb7 22. Nc4 Bc5 23. Nxa5+ Ka7 24. Nb3 Qc4 25. Rd5 Rc8 26. a5 Nf4 27. Rd1 Nd3 28. b6+ Ka8 29. Nxc5 Qxa2 30. b7+ Ka7 31. bxc8=Q Qxf2+ 32. Kh1 Qxc5 33. Qxc5+ Nxc5 34. Nd2 Ka6 0-1


[Site "https://www.chess.com"]

[Event "Titled Tuesday Blitz March 28 Early 2023"]
[White "Nunez V, Gustavo Eduardo"]
[Black "Orlov, Georgi"]
[WhiteFideId "4403690"]
[BlackFideId "2011271"]
[WhiteElo "2228"]
[BlackElo "2594"]
[Result "1/2-1/2"]
[Round "04"]
[TimeControl "180+2"]
[Date "2023.03.28"]
[WhiteClock "0:00:29"]
[BlackClock "0:00:07"]

1. e4 d6 2. Nc3 Nf6 3. g3 c5 4. Bg2 Nc6 5. d3 g6 6. Nge2 Bg7 7. O-O O-O 8. h3 Nd7 9. Be3 Nd4 10. Qd2 Rb8 11. a4 a6 12. a5 Nc6 13. Nd5 e6 14. Nb6 Nxb6 15. axb6 Qxb6 16. c3 Bd7 17. b4 Qa7 18. f4 b6 19. bxc5 bxc5 20. Qa2 Rb5 21. Qxa6 Qxa6 22. Rxa6 Rb2 23. Bf3 Rfb8 24. e5 dxe5 25. Bxc5 exf4 26. Nxf4 Rc8 27. d4 Rb3 28. Ne2 h5 29. Rfa1 Rbb8 30. Kf2 Bf8 31. Bxf8 Kxf8 32. Ke3 Ne7 33. R1a2 Bb5 34. Ra8 Nf5+ 35. Kf2 Rxa8 36. Rxa8 Rxa8 37. Bxa8 Bxe2 38. Kxe2 Nxg3+ 39. Kf3 Nf5 40. Ke4 Nd6+ 41. Ke5 Ke7 42. Bc6 g5 43. d5 f6+ 44. Kd4 e5+ 45. Kc5 Ne4+ 46. Kb4 Kd6 47. c4 f5 48. Be8 Nc5 49. Bxh5 f4 50. Kc3 e4 51. Kd4 f3 52. Bg4 Nb3+ 53. Ke3 Ke5 54. Bxf3 exf3 55. Kxf3 Nd2+ 56. Kg4 Nxc4 57. Kxg5 Kxd5 58. h4 Ke6 59. Kg6 Ne5+ 60. Kg7 Ng4 61. h5 Kf5 62. h6 Nxh6 1/2-1/2


[Site "https://www.chess.com"]

[Event "Titled Tuesday Blitz March 28 Early 2023"]
[White "Toktomushev, Teimur"]
[Black "Rastbod, Ali"]
[WhiteFideId "14176726"]
[BlackFideId "12567477"]
[WhiteElo "2116"]
[BlackElo "2211"]
[Result "0-1"]
[Round "04"]
[TimeControl "180+2"]
[Date "2023.03.28"]
[WhiteClock "0:00:05"]
[BlackClock "0:01:20"]

1. d4 d5 2. c4 e6 3. Nc3 Be7 4. Nf3 Nf6 5. e3 O-O 6. Bd3 a6 7. b3 b6 8. O-O Bb7 9. Bb2 Ne4 10. Qc2 f5 11. Ne5 Nd7 12. Nxd7 Qxd7 13. f3 Nxc3 14. Bxc3 g6 15. e4 dxe4 16. fxe4 Rad8 17. Rad1 Bg5 18. d5 exd5 19. exf5 d4 20. Bd2 Bxd2 21. Qxd2 gxf5 22. Qg5+ Qg7 23. Qxg7+ Kxg7 24. Rxf5 Rxf5 25. Bxf5 c5 26. Bd3 Re8 27. Kf2 Re3 28. Rd2 h5 29. Be2 h4 30. Rd3 Re5 31. Bf3 Bc8 32. Bd5 Bf5 33. Rd2 d3 34. g3 h3 35. Kf3 Kf6 36. Kf4 Bg6 37. g4 Re2 38. Rd1 Rxh2 39. g5+ Kg7 40. Be4 Rf2+ 41. Ke3 Re2+ 42. Kxd3 Rxe4 43. Kc3 Re3+ 44. Kd2 Rd3+ 45. Ke2 Rxd1 46. Kxd1 h2 47. Ke1 h1=Q+ 48. Kf2 0-1


[Site "https://www.chess.com"]

[Event "Titled Tuesday Blitz March 28 Early 2023"]
[White "Harriott, Tyrell"]
[Black "Pham, Le Thao Nguyen"]
[WhiteFideId "2086484"]
[BlackFideId "12401226"]
[WhiteElo "2107"]
[BlackElo "2282"]
[Result "1-0"]
[Round "04"]
[TimeControl "180+2"]
[Date "2023.03.28"]
[WhiteClock "0:00:12"]
[BlackClock "0:00:07"]

1. d4 d5 2. e3 c6 3. Bd3 Nf6 4. f4 Bg4 5. Ne2 Nbd7 6. Nd2 e6 7. O-O Bd6 8. Nf3 Bxf3 9. gxf3 g6 10. Kh1 Nh5 11. Rg1 f5 12. Bd2 Be7 13. c4 O-O 14. b4 a6 15. c5 Kh8 16. Rb1 Bh4 17. Qf1 Rg8 18. Qh3 Bf2 19. Rg2 Qh4 20. Ng1 Qxh3 21. Nxh3 Bh4 22. a4 h6 23. e4 Kh7 24. Be3 Ndf6 25. e5 Nd7 26. Rgb2 g5 27. fxg5 hxg5 28. Rg1 Kh6 29. Rbg2 f4 30. Bd2 Raf8 31. Nf2 Ng7 32. Ng4+ Kh5 33. Be1 Bxe1 34. Rxe1 Nf5 35. Bxf5 Rxf5 36. Rb2 Rf7 37. Kg2 Kg6 38. Reb1 Rh8 39. b5 axb5 40. axb5 Ra8 41. bxc6 bxc6 42. Rd2 Ra4 43. Rb7 Ra3 44. Rc7 Ra6 45. Rc8 Kg7 46. Rc7 Nxe5 47. Rxf7+ Nxf7 48. Re2 Nd8 49. Ne5 Ra4 50. Rd2 Ra6 51. Kh3 Kf6 52. Nd7+ Ke7 53. Ne5 Kf6 54. Kg2 Nf7 55. Nd7+ Kf5 56. Nb8 Ra3 57. Nxc6 e5 58. dxe5 Nxe5 59. Rxd5 Re3 60. Rxe5+ Rxe5 61. Nxe5 Kxe5 62. Kh3 Kd5 63. Kg4 Kxc5 64. Kxg5 Kd4 65. Kxf4 1-0


[Site "https://www.chess.com"]

[Event "Titled Tuesday Blitz March 28 Early 2023"]
[White "Melikhov, Evgeny V."]
[Black "Ezat, Mohamed"]
[WhiteFideId "4122046"]
[BlackFideId "10600906"]
[WhiteElo "2158"]
[BlackElo "2386"]
[Result "0-1"]
[Round "04"]
[TimeControl "180+2"]
[Date "2023.03.28"]
[WhiteClock "0:00:12"]
[BlackClock "0:00:16"]

1. d4 e6 2. c4 Nf6 3. Nc3 Bb4 4. Qc2 d5 5. cxd5 exd5 6. Bg5 h6 7. Bxf6 Qxf6 8. a3 Bxc3+ 9. Qxc3 c6 10. e3 O-O 11. Nf3 Bf5 12. Be2 Nd7 13. O-O Rfe8 14. b4 Be4 15. Nd2 Nf8 16. Nxe4 Rxe4 17. b5 Ng6 18. Bd3 Re6 19. Bxg6 Qxg6 20. bxc6 bxc6 21. Rab1 h5 22. Rb7 h4 23. h3 Qe4 24. Rc7 Rg6 25. f3 Qe6 26. Kh1 Re8 27. Rc1 Qxe3 28. Qxe3 Rxe3 29. R7xc6 Rg5 30. R6c3 Re2 31. Rg1 Rd2 32. Rc7 a5 33. Ra7 Rxd4 34. Rxa5 Rd2 35. a4 Ra2 36. Ra8+ Kh7 37. a5 d4 38. Rd8 Rd2 39. a6 Ra5 40. Rd7 f6 41. a7 d3 42. Rb1 Re2 43. Rb8 Re1+ 44. Kh2 Raa1 45. Rh8+ Kxh8 46. a8=Q+ Rxa8 47. Rxd3 Ra2 48. Rd4 Ree2 49. Rxh4+ Kg8 50. Rg4 Kf7 51. h4 f5 52. Rg5 Kf6 53. Kh3 g6 54. f4 Re3+ 55. g3 Ree2 0-1


[Site "https://www.chess.com"]

[Event "Titled Tuesday Blitz March 28 Early 2023"]
[White "Pasti, Aron"]
[Black "Ordekalog"]
[WhiteFideId "785857"]
[WhiteElo "2173"]
[BlackElo "2561"]
[Result "0-1"]
[Round "04"]
[TimeControl "180+2"]
[Date "2023.03.28"]
[WhiteClock "0:00:15"]
[BlackClock "0:00:09"]

1. e4 c5 2. d4 cxd4 3. c3 d5 4. Bb5+ Bd7 5. Bxd7+ Qxd7 6. exd5 Qxd5 7. Nf3 Qe4+ 8. Qe2 Qxe2+ 9. Kxe2 Nc6 10. cxd4 e6 11. Nc3 Rd8 12. Rd1 Nf6 13. Bg5 Be7 14. Rac1 h6 15. Be3 Nd5 16. Nxd5 Rxd5 17. Ne5 Rd6 18. Nxc6 Rxc6 19. Rxc6 bxc6 20. Rc1 Kd7 21. Kd3 Rb8 22. b3 Rb5 23. Kc4 a6 24. a4 Rh5 25. h3 Rf5 26. g4 Rf3 27. Rh1 Bh4 28. Rh2 Kd6 29. Kb4 Bd8 30. Rh1 Kd5 31. h4 a5+ 32. Kc3 Bb6 33. g5 Bxd4+ 34. Kd2 h5 35. Ke2 Rf5 36. Rd1 e5 37. f4 c5 38. fxe5 Rxe5 39. Kf3 Rxe3+ 40. Kf4 Rxb3 41. Kf5 Rf3# 0-1


[Site "https://www.chess.com"]

[Event "Titled Tuesday Blitz March 28 Early 2023"]
[White "Budrewicz, Krzysztof"]
[Black "Leve, Nitai"]
[WhiteFideId "1127950"]
[BlackFideId "2006898"]
[WhiteElo "2230"]
[BlackElo "2144"]
[Result "0-1"]
[Round "04"]
[TimeControl "180+2"]
[Date "2023.03.28"]
[WhiteClock "0:00:01"]
[BlackClock "0:00:06"]

1. d4 Nf6 2. c4 g6 3. Nc3 d5 4. Nf3 Bg7 5. Bf4 O-O 6. e3 c5 7. dxc5 Qa5 8. cxd5 Ne4 9. Rc1 Nxc3 10. Qd2 Qxa2 11. bxc3 Qa3 12. d6 Nc6 13. dxe7 Nxe7 14. Bd6 Rd8 15. Bc4 Nf5 16. O-O Nxd6 17. cxd6 Qxd6 18. Qa2 Be6 19. Bxe6 Qxe6 20. Qb1 Rdb8 21. Nd4 Qe7 22. Qb3 b5 23. Qd5 Bxd4 24. exd4 a5 25. Rfe1 Qb7 26. Qg5 a4 27. h4 h5 28. Re7 Qc8 29. Qd5 Qf8 30. Rce1 a3 31. Qa2 b4 32. cxb4 Rxb4 33. Qd5 Rbb8 34. R7e2 Rb2 35. Re7 a2 36. Rxf7 Qxf7 37. Qxa8+ Kg7 38. f3 Rb1 39. Kf2 a1=Q 40. Qxa1 Rxa1 41. Rxa1 Qb3 42. Re1 Qb2+ 43. Kg3 Qxd4 44. Re4 Qd2 45. Kh2 Kf6 46. Kg3 Kf5 47. Kh2 Qf2 48. Kh3 Qg1 49. Kg3 Qh1 50. Rf4+ Ke5 51. Re4+ Kf5 52. Rf4+ Ke6 53. Re4+ Kf6 54. Rf4+ Kg7 55. Re4 Qd1 56. Kh3 Kh6 57. Kg3 g5 58. Re6+ Kg7 59. hxg5 Qd5 60. Re4 Qxg5+ 61. Kh3 Kf6 62. g3 Qf5+ 63. Kg2 Qa5 64. Rf4+ Kg5 65. Re4 Qd2+ 66. Kh3 Qd1 67. Kg2 Qc2+ 68. Kh3 Qf2 69. Rf4 Qg1 70. g4 Kxf4 71. gxh5 Qg3# 0-1


[Site "https://www.chess.com"]

[Event "Titled Tuesday Blitz March 28 Early 2023"]
[White "Fiorito, Joaquin"]
[Black "Tymrakiewicz, Rafal"]
[WhiteFideId "180173"]
[BlackFideId "1108832"]
[WhiteElo "2157"]
[BlackElo "2151"]
[Result "1-0"]
[Round "04"]
[TimeControl "180+2"]
[Date "2023.03.28"]
[WhiteClock "0:00:19"]
[BlackClock "0:00:11"]

1. d4 d5 2. Nf3 Bf5 3. c4 e6 4. Nc3 c6 5. e3 Nf6 6. Nh4 Bg4 7. Qb3 Qb6 8. Qc2 Nbd7 9. Bd2 Be7 10. f3 Bh5 11. g3 g5 12. g4 gxh4 13. gxh5 Nxh5 14. O-O-O O-O-O 15. cxd5 Kb8 16. dxe6 fxe6 17. Bh3 Nf8 18. Kb1 Nf6 19. Na4 Qc7 20. Nc5 Qd6 21. e4 e5 22. Bb4 Qc7 23. dxe5 Nh5 24. Qb3 Ka8 25. Rxd8+ Bxd8 26. Rd1 Nf4 27. Nxb7 N8g6 28. Nxd8 Rxd8 29. Bd6 Qb6 30. Be6 Nxe5 31. Bxe5 Nxe6 32. Rxd8+ Qxd8 33. a3 Nc5 34. Qc4 Qd3+ 35. Qxd3 Nxd3 36. Bf6 h3 37. e5 Kb7 38. e6 Kc7 39. Kc2 Ne1+ 40. Kd1 Nxf3 41. Ke2 Nxh2 42. Be5+ Kd8 43. Bxh2 Ke7 44. Bb8 Kxe6 45. Kf3 a6 46. Kg3 Kd5 47. Kxh3 Kc4 48. Be5 Kb3 49. Bc3 Kc4 50. Kh4 Kd5 51. Kh5 Kc4 52. Kh6 c5 53. Kxh7 Kb3 54. Kg6 a5 55. Kf7 a4 56. Ke6 Kc4 57. Kd6 Kb5 58. Kd5 c4 59. Kd4 Ka6 60. Kxc4 Kb6 61. Kb4 Ka6 62. Kxa4 1-0


[Site "https://www.chess.com"]

[Event "Titled Tuesday Blitz March 28 Early 2023"]
[White "Shvedova, Alexandra"]
[Black "Ibadov, Dashgyn"]
[WhiteFideId "54154782"]
[BlackFideId "24107514"]
[WhiteElo "2057"]
[BlackElo "2208"]
[Result "0-1"]
[Round "04"]
[TimeControl "180+2"]
[Date "2023.03.28"]
[WhiteClock "0:00:14"]
[BlackClock "0:00:20"]

1. e4 c5 2. Ne2 Nc6 3. d4 cxd4 4. Nxd4 Nf6 5. Nc3 e5 6. Ndb5 d6 7. Bg5 a6 8. Na3 b5 9. Nd5 Be7 10. Bxf6 Bxf6 11. c3 O-O 12. Nc2 Rb8 13. a4 bxa4 14. Ncb4 Nxb4 15. cxb4 Bb7 16. Rxa4 Bxd5 17. Qxd5 Qc7 18. Bc4 Rb6 19. O-O Rfb8 20. Rxa6 Rxa6 21. Bxa6 Rxb4 22. b3 Rd4 23. Qa8+ Qd8 24. Qc6 g6 25. Bc4 Kg7 26. b4 Qb8 27. b5 Bd8 28. Ra1 Bb6 29. g3 Rd2 30. Rf1 Qa7 31. Bd5 Bxf2+ 32. Kh1 Qe3 33. Kg2 Bxg3+ 34. Kh3 Rxh2+ 35. Kg4 Rh4# 0-1


[Site "https://www.chess.com"]

[Event "Titled Tuesday Blitz March 28 Early 2023"]
[White "Melian, Juan Sebastian"]
[Black "Tarasova, Viktoriya"]
[WhiteFideId "3706575"]
[BlackFideId "4175840"]
[WhiteElo "2031"]
[BlackElo "2182"]
[Result "1/2-1/2"]
[Round "04"]
[TimeControl "180+2"]
[Date "2023.03.28"]
[WhiteClock "0:00:03"]
[BlackClock "0:00:10"]

1. e4 e5 2. Nf3 Nc6 3. Nc3 Nf6 4. a3 a5 5. Bc4 Bc5 6. d3 h6 7. Be3 Bxe3 8. fxe3 d6 9. O-O O-O 10. Qe1 Be6 11. Nh4 Nh7 12. Nf5 Bxc4 13. dxc4 Ne7 14. Qg3 Nxf5 15. Rxf5 Kh8 16. Raf1 Qd7 17. h4 c6 18. Rd1 Qe6 19. b3 g6 20. Rf2 f5 21. Rfd2 Rad8 22. c5 f4 23. exf4 exf4 24. Qf3 Rf6 25. Rxd6 Rxd6 26. cxd6 Rf7 27. e5 Nf8 28. Qe4 Nd7 29. Re1 Rf5 30. Qd4 Kh7 31. Re4 g5 32. hxg5 hxg5 33. Qd3 Kg7 34. Qd4 Kf7 35. Na4 Rxe5 36. Rxe5 Qxe5 37. Qd2 Ke6 38. Nc3 g4 39. Ne2 f3 40. gxf3 gxf3 41. Nd4+ Kf7 42. Nxf3 Qg3+ 43. Qg2 Qxd6 44. Qg4 Qd1+ 45. Kg2 Qe2+ 46. Kg3 Ke7 47. Qg5+ Ke8 48. Qh5+ Kd8 49. Qg5+ Kc7 50. Qf4+ Kc8 51. Nd4 Qe1+ 52. Kg4 Qg1+ 53. Kf5 Qg8 54. Ke4 Qe8+ 55. Kd3 Nc5+ 56. Kc3 Nd7 57. Kb2 Qe7 58. Ka2 Qe8 59. Nf5 Qe6 60. Nd6+ Kd8 61. Nxb7+ Ke7 62. Qg5+ Nf6 63. Qg7+ Ke8 64. Qg2 a4 65. Na5 axb3+ 66. Nxb3 Nd5 67. Qf3 Qe5 68. a4 Nc3+ 69. Ka3 Nb1+ 70. Ka2 Nc3+ 71. Ka3 Nd5 72. Qd3 Qd6+ 73. Kb2 Qe5+ 74. Qd4 Qxd4+ 75. Nxd4 Kd7 76. Kb3 Kc7 77. Kc4 Nb6+ 78. Kb4 Nd5+ 79. Kb3 Kb6 80. Ne2 c5 81. Nc3 Nc7 82. Kc4 Ne6 83. Kb3 Nd4+ 84. Kc4 Nxc2 85. Kb3 Nd4+ 86. Kc4 Nc2 87. Kd3 Nb4+ 88. Ke4 Nc6 89. Kd5 Nb4+ 90. Kc4 Nc6 91. Ne4 Ne5+ 92. Kd5 Ka5 93. Nxc5 Nf3 94. Kc4 Ne5+ 95. Kb3 Nc6 96. Nb7+ Kb6 97. Nd6 Nd4+ 98. Kc4 Nc6 99. Kb3 Ka5 100. Nc4+ Ka6 101. Nb2 Nd4+ 102. Kb4 Nc6+ 103. Kc5 Ne5 104. Kb4 Nc6+ 105. Ka3 Ne5 106. Kb3 Ka5 107. Nd1 Ka6 108. Ka3 Nc6 109. Nc3 Nd4 110. Kb4 Nc6+ 111. Kc5 Na5 112. Nd5 Nb7+ 113. Kb4 Nd6 114. Nc7+ Kb7 115. Nb5 Nc8 116. Kc5 Nb6 117. a5 Nd7+ 118. Kb4 Ka6 119. Nc7+ Kb7 120. Nd5 Ne5 121. Kb5 Ka7 122. Nb4 Nd7 123. Nc6+ Kb7 124. a6+ Ka8 125. Nb4 Nb8 126. Kb6 Nxa6 1/2-1/2


[Site "https://www.chess.com"]

[Event "Titled Tuesday Blitz March 28 Early 2023"]
[White "Yelisieiev, Yevhenii"]
[Black "Devaev, Alexander"]
[WhiteFideId "14139642"]
[BlackFideId "4169395"]
[WhiteElo "2447"]
[BlackElo "2225"]
[Result "0-1"]
[Round "04"]
[TimeControl "180+2"]
[Date "2023.03.28"]
[WhiteClock "0:02:32"]
[BlackClock "0:02:09"]

1. d4 Nf6 2. Nf3 e6 3. c4 c5 4. d5 exd5 5. cxd5 d6 6. Nc3 g6 7. Bf4 a6 8. a4 Bg7 9. e4 O-O 10. Be2 Bg4 11. h3 Bxf3 12. Bxf3 Qe7 13. O-O Nbd7 14. Qb3 Rab8 15. Qb6 Nxb6 0-1


[Site "https://www.chess.com"]

[Event "Titled Tuesday Blitz March 28 Early 2023"]
[White "Krsnik Cohar, Ivan Vihor"]
[Black "Meunier-Pion, Jean"]
[WhiteFideId "14520044"]
[BlackFideId "20685327"]
[WhiteElo "2414"]
[BlackElo "2124"]
[Result "1/2-1/2"]
[Round "04"]
[TimeControl "180+2"]
[Date "2023.03.28"]
[WhiteClock "0:00:12"]
[BlackClock "0:00:23"]

1. e4 c5 2. Ne2 Nf6 3. d3 Nc6 4. g3 d5 5. Bg2 dxe4 6. Nbc3 exd3 7. Nf4 dxc2 8. Qxc2 Nb4 9. Qe2 g5 10. a3 gxf4 11. axb4 cxb4 12. Qb5+ Bd7 13. Qxb4 Bc6 14. Bxc6+ bxc6 15. Bxf4 e5 16. Qc4 exf4 17. Qxc6+ Nd7 18. Nd5 Rc8 19. Nf6+ Qxf6 20. Qxc8+ Qd8 21. Qc3 Qe7+ 22. Kf1 Qf6 23. Re1+ Kd8 24. Qf3 fxg3 25. Qa8+ Kc7 26. Qxa7+ Kd6 27. Rd1+ Ke5 28. Qe3+ Kf5 29. Rxd7 g2+ 30. Kxg2 Rg8+ 31. Kf1 Qc6 32. Qd3+ Ke6 33. Rg1 Rxg1+ 34. Kxg1 Qxd7 35. Qe4+ Kd6 36. Qxh7 Qg4+ 37. Kf1 Qd1+ 38. Kg2 Qg4+ 39. Kh1 Qf3+ 40. Kg1 Be7 41. Qh6+ Bf6 42. h3 Qd1+ 43. Kh2 Qf3 44. Kg1 Kd5 45. Qd2+ Bd4 46. b4 Ke4 47. b5 Qxh3 48. b6 Qg4+ 49. Kf1 Qh3+ 50. Kg1 Qg4+ 51. Kf1 Qd7 52. Qe2+ Kd5 53. b7 Ba7 54. Qf3+ Kd6 55. Qb3 Kc7 56. Qc4+ Kb8 57. Qb3 Qxb7 58. Qg3+ Qc7 59. Qg8+ Kb7 60. Qg2+ Qc6 61. Qg7 Qb5+ 62. Kg1 Qd5 63. Qb2+ Bb6 64. Qf6 Qe6 65. Qg7 Kc7 66. Qc3+ Kb7 67. Qd2 Qg6+ 68. Kf1 Qe6 69. Qc2 Qf6 70. Kg1 Qxf2+ 71. Qxf2 Bxf2+ 72. Kxf2 Kc6 73. Kf3 Kd6 74. Kf4 Ke6 75. Ke4 Kf6 76. Kf4 Kg6 77. Kg4 Kf6 78. Kf4 Ke7 79. Ke5 Ke8 80. Kf5 Kf8 81. Kf6 Kg8 82. Kf5 Kg7 83. Kg5 Kh7 84. Kf6 Kg8 85. Kf5 Kg7 86. Kg5 f6+ 87. Kf5 Kf7 88. Kf4 Kg6 89. Kg4 f5+ 90. Kf4 Kf6 91. Kf3 Kg5 92. Kg3 Kg6 93. Kf4 Kf6 94. Kf3 Ke5 95. Ke3 f4+ 96. Kf3 Kf5 97. Kf2 Ke4 98. Ke2 f3+ 99. Kf2 Kf4 100. Kf1 Kg4 101. Kf2 Kf4 102. Kf1 Kf5 103. Kf2 Ke4 104. Kf1 Ke3 105. Ke1 f2+ 106. Kf1 Kf3 1/2-1/2


[Site "https://www.chess.com"]

[Event "Titled Tuesday Blitz March 28 Early 2023"]
[White "Kozin, Yuri"]
[Black "Senft, Sean"]
[WhiteFideId "4129920"]
[BlackFideId "2044960"]
[WhiteElo "2523"]
[BlackElo "1989"]
[Result "0-1"]
[Round "04"]
[TimeControl "180+2"]
[Date "2023.03.28"]
[WhiteClock "0:00:06"]
[BlackClock "0:01:13"]

1. e4 e5 2. Nf3 Nc6 3. Bb5 Nf6 4. d3 d6 5. O-O Be7 6. Re1 O-O 7. d4 exd4 8. Nxd4 Bd7 9. Nc3 Re8 10. h3 Nxd4 11. Qxd4 Bxb5 12. Nxb5 a6 13. Nc3 Nd7 14. Bf4 Bf6 15. Qd2 Bxc3 16. Qxc3 Rc8 17. Bg3 Qf6 18. Qc4 h6 19. c3 Ne5 20. Qd5 Qg6 21. Qxb7 Rb8 22. Qxa6 Rxb2 23. Re2 Reb8 24. Bxe5 Rxe2 25. Qxe2 dxe5 26. a4 Qc6 27. Qc2 Qa6 28. a5 c5 29. c4 Rb4 30. Qc3 f6 31. Qd3 Rxc4 32. Qd5+ Kh7 33. Qd7 Rd4 34. Qf5+ g6 35. Qg4 h5 36. Qf3 c4 37. Rb1 Rd3 38. Qe2 c3 39. Rb6 Qc4 40. Rb7+ Kh6 41. Qc2 Rd2 42. Qc1 Qd3 43. a6 g5 44. Rb1 c2 45. Ra1 Rd1+ 46. Qxd1 cxd1=Q+ 47. Rxd1 Qxd1+ 48. Kh2 Qa4 49. a7 Qxa7 0-1


[Site "https://www.chess.com"]

[Event "Titled Tuesday Blitz March 28 Early 2023"]
[White "Vedder, Richard"]
[Black "Shevtchenko, Olesya"]
[WhiteFideId "1004166"]
[BlackFideId "24131890"]
[WhiteElo "2168"]
[BlackElo "2003"]
[Result "0-1"]
[Round "04"]
[TimeControl "180+2"]
[Date "2023.03.28"]
[WhiteClock "0:01:25"]
[BlackClock "0:00:52"]

1. d4 Nf6 2. c4 e6 3. Nc3 Bb4 4. f3 d5 5. a3 Bxc3+ 6. bxc3 dxc4 7. e4 b5 8. Bg5 h6 9. Bh4 c6 10. Nh3 Nbd7 11. e5 g5 12. Nxg5 hxg5 13. Bxg5 Qa5 14. exf6 Qxc3+ 15. Kf2 Bb7 16. h4 O-O-O 17. a4 Ne5 18. axb5 cxb5 19. Be3 Rhg8 20. Be2 Rxg2+ 21. Kxg2 Qxe3 22. Rh3 Rg8+ 23. Rg3 Ng4 24. Qe1 Qxd4 25. Rd1 Ne3+ 26. Kh2 Qxh4+ 0-1


[Site "https://www.chess.com"]

[Event "Titled Tuesday Blitz March 28 Early 2023"]
[White "Moral Garcia, Serafin"]
[Black "Rios Escobar, Adan"]
[WhiteFideId "2201925"]
[BlackFideId "3403645"]
[WhiteElo "2254"]
[BlackElo "2411"]
[Result "0-1"]
[Round "04"]
[TimeControl "180+2"]
[Date "2023.03.28"]
[WhiteClock "0:00:04"]
[BlackClock "0:00:02"]

1. Nf3 Nf6 2. b3 g6 3. Bb2 Bg7 4. e3 c5 5. c4 d6 6. Be2 e5 7. O-O O-O 8. d4 cxd4 9. exd4 e4 10. Nfd2 d5 11. cxd5 Qxd5 12. Nc4 Nc6 13. Nc3 Qxd4 14. Qc2 Nb4 15. Qc1 Qd8 16. Rd1 Nd3 17. Qe3 Bf5 18. Ba3 Re8 19. Nd6 Ng4 20. Bxg4 Bxc3 21. Bxf5 Bxa1 22. Nxe8 Bd4 23. Qxe4 Bxf2+ 24. Kf1 Qxe8 25. Qxe8+ Rxe8 0-1


[Site "https://www.chess.com"]

[Event "Titled Tuesday Blitz March 28 Early 2023"]
[White "Girya, Olga"]
[Black "Iljin, Timofey"]
[WhiteFideId "4195752"]
[BlackFideId "14110180"]
[WhiteElo "2263"]
[BlackElo "2397"]
[Result "1-0"]
[Round "04"]
[TimeControl "180+2"]
[Date "2023.03.28"]
[WhiteClock "0:00:02"]
[BlackClock "0:00:05"]

1. d4 f5 2. g3 Nf6 3. Bg2 g6 4. Nd2 Bg7 5. c3 O-O 6. e4 Nc6 7. e5 Ne8 8. f4 d6 9. Ngf3 dxe5 10. dxe5 Be6 11. O-O Bd5 12. c4 Bxf3 13. Nxf3 Qxd1 14. Rxd1 Nb4 15. a3 Na6 16. Be3 c6 17. Rd7 Nec7 18. Rad1 e6 19. b4 Rac8 20. Bxa7 h6 21. Bb6 Na8 22. c5 Rfe8 23. Rxb7 N8c7 24. Rd7 Red8 25. Rxd8+ Rxd8 26. Bxc7 Rd7 27. Rb6 Nxc7 28. Rxc6 Nb5 29. Rxe6 Rd1+ 30. Kf2 Nc3 31. c6 Ne4+ 32. Ke3 Rc1 33. Re8+ Kf7 34. Rc8 g5 35. Nd4 Nc3 36. Rc7+ Kg6 37. Ne6 Bh8 38. Rc8 Kh7 39. Nf8+ Kg7 40. Ne6+ Kh7 41. c7 Nb5 42. Bd5 Bg7 43. Rd8 Nxc7 44. Nxc7 Rxc7 45. Kd3 gxf4 46. gxf4 Ra7 47. Bg8+ Kh8 48. Bb3+ Kh7 49. Bg8+ Kh8 50. Be6+ Bf8 51. Rxf8+ Kg7 52. Rf7+ Kg6 53. Rxa7 h5 54. Bxf5+ Kh6 55. Rh7# 1-0


[Site "https://www.chess.com"]

[Event "Titled Tuesday Blitz March 28 Early 2023"]
[White "Arias, Juan Cruz"]
[Black "Topalov, Aleksandar"]
[WhiteFideId "118540"]
[BlackFideId "925659"]
[WhiteElo "2243"]
[BlackElo "2151"]
[Result "1-0"]
[Round "04"]
[TimeControl "180+2"]
[Date "2023.03.28"]
[WhiteClock "0:01:53"]
[BlackClock "0:01:25"]

1. d4 Nf6 2. Bg5 g6 3. Nf3 Bg7 4. e3 O-O 5. Bc4 d6 6. O-O c5 7. c3 Nc6 8. Nbd2 Qc7 9. h3 a6 10. a4 b6 11. Bf4 Rb8 12. Be2 Bb7 13. Bh2 Rfc8 14. Qb3 cxd4 15. cxd4 Na5 16. Qa3 Ne4 17. b4 Nxd2 18. Nxd2 Qc2 19. Ra2 Qc6 20. Bf3 1-0


[Site "https://www.chess.com"]